 Dungeon Crawl Stone Soup version 0.30.1-11-g7821555f0a (webtiles) character file.

Game seed: 10581506985458292797

84 porpoise the Shooter (level 4, -3/25 HPs)
             Began as a Deep Elf Hunter on Dec 11, 2023.
             Slain by Terence
             ... wielding a +0 short sword
              (6 damage)
             ... on level 3 of the Dungeon.
             The game lasted 00:05:27 (1534 turns).

porpoise the Shooter (Deep Elf Hunter)              Turns: 1534, Time: 00:05:28

Health: -3/25      AC:  3    Str:  8    XL:     4   Next: 24%
Magic:  6/6        EV: 13    Int: 14    God:
Gold:   74         SH:  0    Dex: 20    Spells: 3/3 levels left

rFire   . . .        a - +0 shortbow
rCold   . . .        (shield currently unavailable)
rNeg    . . .        c - +0 leather armour
rPois   .            (no helmet)
rElec   .            (no cloak)
rCorr   .            (no gloves)
SInv    .            (no boots)
Will    .....        (no amulet)
Stlth   ++           (no ring)
HPRegen 0.24/turn    (no ring)
MPRegen 0.10/turn

%: no passive effects
@: no status effects
A: no striking features
a: no special abilities


You were on level 3 of the Dungeon.
You visited 1 branch of the dungeon, and saw 3 of its levels.

You collected 74 gold pieces.

Inventory:

Hand Weapons
 a - a +0 shortbow (weapon)
 b - a +0 short sword
Missiles
 e - 5 poisoned darts
 g - 2 javelins
Armour
 c - a +0 leather armour (worn)
Jewellery
 o - a ring of fire
 r - a +6 ring of strength
Scrolls
 h - a scroll of enchant weapon {unknown}
 k - 2 scrolls of teleportation
 m - a scroll of immolation
 p - a scroll of magic mapping {unknown}
 q - a scroll of poison {unknown}
Potions
 d - 2 potions of magic
 f - a potion of attraction
 i - a potion of mutation {unknown}
 j - a potion of heal wounds
 l - a potion of lignification {unknown}
 n - a potion of flight {unknown}
 s - a potion of curing {unknown}


   Skills:
 - Level 1.5 Fighting
 * Level 6.6 Ranged Weapons
 + Level 3.4 Dodging
 + Level 2.8 Stealth


You had 3 spell levels left.
You didn't know any spells.
Your spell library contained the following spells:

 Spells                   Type           Power      Damage    Failure   Level
 Petrify                  Tmut/Erth      0%         N/A       99%         4
 Blade Hands              Tmut           0%         N/A       100%        5
 Irradiate                Conj/Tmut      0%         3d11      100%        5
 Metabolic Englaciation   Hex/Ice        0%         N/A       100%        5
 Statue Form              Tmut/Erth      0%         N/A       100%        6
 Dragon Form              Tmut           0%         N/A       100%        7


Dungeon Overview and Level Annotations

Branches:
Dungeon (3/15)

Altars:

Shops:
D:3 :

Annotations:
D:3 Terence


Message History

Terence is moderately wounded.
The orc barely misses you.
A rat comes into view.
You shoot an arrow. The arrow hits the orc.
You kill the orc!
A hobgoblin comes into view.
Terence hits you with a +0 short sword.
You shoot an arrow. The hobgoblin shouts!
The arrow hits Terence.
Terence is moderately wounded.
Terence hits you with a +0 short sword!
You are too injured to fight recklessly!
You are too injured to fight recklessly!
You shoot an arrow. The arrow hits Terence.
Terence is heavily wounded.
Terence closely misses you.
You shoot an arrow. The arrow barely misses Terence.
The arrow barely misses the orc.
The arrow barely misses the rat.
The arrow hits the hobgoblin!
You kill the hobgoblin!
Terence hits you with a +0 short sword.
You shoot an arrow.
The arrow hits Terence but does no damage.
Terence is heavily wounded.
Terence hits you with a +0 short sword.
* * * LOW HITPOINT WARNING * * *
Terence barely misses you.
You shoot an arrow. The arrow barely misses Terence.
The arrow barely misses the orc.
Terence misses you.
You shoot an arrow. The arrow hits Terence!
Terence is almost dead.
Terence closely misses you.
You shoot an arrow.
The arrow hits Terence but does no damage.
Terence is almost dead.
Terence hits you with a +0 short sword.
* * * LOW HITPOINT WARNING * * *
Terence hits you with a +0 short sword.
You die...

#.##.#
##.....## #)##
#.##.# ##...##
#.# .....#
#+## ##.##
#.#### ##...##
#.# ##.....##
#.########
.###.......#
#.........
..........##
#.#####.#.
######..##
#.....#.#
#@.##..#
#.###...##
#@##.#..# #.#
#.#..# )o#
##...#
#.###....#
#..r ##..#
#........###$8
#..#
#####.#...##(.
#.##
#####...)##..
#.#
.>####.##...
#.# #.#
#.####.## #.#
##


You could see Terence, an orc and a rat.

Vanquished Creatures
  2 adders (D:2)
  3 orcs (D:3)
  4 bats
  7 endoplasms
  4 giant cockroaches
  5 goblins
  5 hobgoblins
  6 jackals (D:2)
  6 ball pythons
  3 frilled lizards
  5 kobolds
  4 rats
54 creatures vanquished.

Notes
Turn   | Place    | Note
-------+----------+-------------------------------------------
     0 | D:1      | porpoise the Deep Elf Hunter began the quest for the Orb.
     0 | D:1      | Reached XP level 1. HP: 12/12 MP: 3/3
   119 | D:1      | Reached XP level 2. HP: 16/16 MP: 4/4
   593 | D:2      | Reached skill level 6 in Ranged Weapons
   664 | D:2      | Reached XP level 3. HP: 20/20 MP: 5/5
   924 | D:2      | Identified the +0 chain mail of the Constellations {Fly
                  | rC+}
  1187 | D:3      | Reached XP level 4. HP: 25/25 MP: 6/6
  1483 | D:3      | Found Ciacoup's Book Boutique.
  1520 | D:3      | Noticed Terence
  1534 | D:3      | Slain by Terence

Illustrated notes

Levels and vault maps discovered:
D:1:      dpeg_arrival_signposts, layout_basic
D:2:      layout_rooms, serial_aquarium, aquarium_bridge_square
          [aquarium_subvault_bridge, aquarium_subvault_window,
          aquarium_subvault_wall, aquarium_subvault_bridge], aquarium_window_1,
          aquarium_window_2, aquarium_window_1, aquarium_window_corner,
          aquarium_view_2e, aquarium_pool_corner
D:3:      layout_loops_corners, grunt_temple_overflow_forces_of_nature,
          serial_shops, shop, hangedman_glass_teeth, guppyfry_early_orc_mine,
          uniq_terence

Skill      XL: |  1  2 |
---------------+-------+-----
Stealth        | 2 |  2.8
Ranged Weapons | 6 |  6.6
Dodging        | 3 |  3.4
Fighting       | |  1.5

Action                     |  1- 3 |  4- 6 || total
---------------------------+-------+-------++-------
   Fire: Shortbow          |    74 |    28 ||   102
    Use: Scroll            |       |     4 ||     4
 Armour: Leather armour    |     6 |     1 ||     7
  Dodge: Dodged            |     7 |     5 ||    12
